 Dungeon Crawl Stone Soup version 0.21.1-1-g345015f (webtiles) character file.

66 suicidejoker the Bolt Thrower (level 4, -6/30 HPs)
             Began as an Octopode Hunter on Mar 18, 2018.
             Splashed by an orc's acid (14 damage)
             ... on level 3 of the Dungeon.
             The game lasted 00:07:42 (1620 turns).

suicidejoker the Bolt Thrower (Octopode Hunter)     Turns: 1620, Time: 00:07:43

Health: -6/30      AC: -3    Str: 12    XL:     4   Next: 15%
Magic:  4/4        EV: 14    Int: 13    God:
Gold:   179        SH:  0    Dex: 15    Spells: 3/3 levels left

rFire    . . .     SeeInvis .   b - +0 dagger (freeze)
rCold    . . .     Gourm    .   (no shield)
rNeg     . . .     Faith    .   (helmet restricted)
rPois    .         Spirit   .   (no amulet)
rElec    .         Reflect  .   h - ring of protection from magic
rCorr    .         Harm     .   f - +3 ring of dexterity
MR       +....                  (no ring)
Stlth    +++.......             (no ring)
HPRegen  0.10/turn              (no ring)
MPRegen  0.09/turn              (no ring)
                                (no ring)
                                (no ring)

@: corroded
A: almost no armour, stealthy swim, amphibious, 8 rings, constrict 8, camouflage
1, gelatinous body 1
a: no special abilities


You were on level 3 of the Dungeon.
You were not hungry.

You visited 1 branch of the dungeon, and saw 3 of its levels.

You collected 179 gold pieces.

Inventory:

Hand Weapons
 a - a +1 hand crossbow
 b - a +0 dagger of freezing (weapon)
Missiles
 c - 27 bolts
 e - 74 stones (quivered)
 p - 48 arrows
Jewellery
 f - a +3 ring of dexterity (right tentacle)
 h - a ring of protection from magic (left tentacle)
 i - an uncursed ring of flight
Scrolls
 g - a scroll of magic mapping
 l - 2 scrolls of remove curse {unknown}
 m - a scroll of enchant weapon {unknown}
 o - 2 scrolls of enchant armour {unknown}
Potions
 j - 2 potions of resistance
Comestibles
 d - a ration


   Skills:
 + Level 2.4 Fighting
 + Level 1.0 Short Blades
 * Level 4.5 Crossbows
 + Level 2.4 Dodging
 * Level 3.1 Stealth


You had 3 spell levels left.
You didn't know any spells.

Dungeon Overview and Level Annotations

Branches:
Dungeon (3/15)

Altars:

Annotations:
D:3 Sigh42's ghost, amateur VSEn


Innate Abilities, Weirdness & Mutations

You cannot wear most types of armour.
You are very stealthy in the water. (Stealth+)
You are amphibious.
You can wear up to eight rings at the same time.
You can use your tentacles to constrict eight enemies at once.
Your skin changes colour to match your surroundings (Stealth+).
Your rubbery body absorbs attacks. (AC +1, EV +1)


Message History

Press: ? - help, v - describe, . - travel
Here: Sigh42's ghost The floor.
It was a potion of heal wounds.
You feel much better. The ooze barely misses you.
An ooze comes into view.
The ooze barely misses you. The ooze hits you but does no damage.
Your +0 dagger of freezing glows with a cold blue light!
b - a +0 dagger of freezing (weapon)
It was a potion of cancellation.
You feel magically purged. The ooze hits you but does no damage.
An orc comes into view. It is wielding a flail.
The orc shouts!
A worm comes into view.
The orc zaps a wand.
The bolt of acid hits you!
Ouch! That really hurt!
* * * LOW HITPOINT WARNING * * *
The acid corrodes you!
You are splashed with acid!
The acid burns!
You die...

#.# #.#.####... #.
#.#.####...
.##.###.#........
.................
.....#..#W###..#
...w.o.........#
.#####......##.#
#....J....#
##...@.#######.
#...).<......s
..........##########
###########


You could see a worm (wandering), Sigh42's ghost, an ooze and an orc.

Vanquished Creatures
  An adder (D:2)
  A worm (D:2)
  2 dart slugs
  3 leopard geckos
  An orc (D:3)
  2 giant cockroaches (D:1)
  5 goblins
  4 hobgoblins
  7 jackals (D:2)
  4 bats
  6 frilled lizards
  5 kobolds
  3 rats
  3 fungi (D:2)
47 creatures vanquished.

Vanquished Creatures (others)
  2 fungi (D:2)
2 creatures vanquished.

Grand Total: 49 creatures vanquished

Notes
Turn   | Place    | Note
-------+----------+-------------------------------------------
     0 | D:1      | suicidejoker the Octopode Hunter began the quest for the Orb.
     0 | D:1      | Reached XP level 1. HP: 14/14 MP: 1/1
   233 | D:1      | Reached XP level 2. HP: 19/19 MP: 2/2
   645 | D:2      | Reached XP level 3. HP: 22/24 MP: 3/3
  1109 | D:2      | Reached skill level 1 in Short Blades
  1233 | D:2      | Reached XP level 4. HP: 30/30 MP: 4/4
  1586 | D:3      | Noticed Sigh42's ghost (amateur VSEn)
  1620 | D:3      | Splashed by an orc's acid

Skill      XL: |  1  2  3 |
---------------+----------+-----
Stealth        | 2 3 |  3.1
Short Blades   | 1 |  1.0
Fighting       | |  2.4
Crossbows      | |  4.5
Dodging        | |  2.4

Action                   |  1- 3 |  4- 6 || total
-------------------------+-------+-------++-------
Melee: Short sword       |     5 |       ||     5
       Tentacles         |    11 |       ||    11
       Constrict         |    10 |       ||    10
       Dagger            |    34 |     2 ||    36
 Fire: Hand crossbow     |    46 |     6 ||    52
  Use: Scroll            |     2 |       ||     2
       Potion            |     1 |     2 ||     3
 Stab: Sleeping          |     1 |     2 ||     3
  Eat: Chunk             |       |     2 ||     2
Armor: Skin              |       |     2 ||     2
Dodge: Dodged            |    17 |     4 ||    21
